[Event "Krakow Championship-A 2022"]
[Site "Krakow"]
[Date "2022.06.26"]
[Round "3.12"]
[White "Szustakowski, Antoni"]
[Black "Seemann, Jakub"]
[Result "0-1"]
[ECO "E10"]
[WhiteElo "2265"]
[BlackElo "2363"]
[Annotator "TA"]
[PlyCount "164"]
[EventDate "2022.06.25"]
[EventType "swiss"]
[EventCountry "POL"]
[SourceTitle "playchess.com"]
[Source "ChessBase"]
[SourceQuality "1"]
[TimeControl "40/5400+30:1800+30"]

1. d4 Nf6 2. c4 e6 3. Nf3 d5 4. e3 b6 5. b3 Bb7 6. Bd3 Nbd7 7. O-O Bd6 8. Bb2 O-O 9. Nc3 c5 10. cxd5 exd5 11. Rc1 {[%emt 0:03:59] E14: Queen's Indian: Classical Variation (4 e3).} Re8 12. Ne2 Qe7 13. Ng3 {[%emt 0:01:25] Threatening Nf5. White has an edge.} g6 {[%emt 0:00:20] Prevents Nf5.} 14. Re1 Ne4 {[%emt 0:11:56] [#]} 15. Bb5 $146 ({Predecessor:} 15. Bb1 Rad8 16. Qe2 h5 17. dxc5 Nxg3 18. hxg3 bxc5 19. Qd3 {0-1 (30) Rolvag,B (1970)-Sigeman,J (2138) Helsingor 2015}) 15... Rad8 16. dxc5 bxc5 17. Nxe4 dxe4 18. Nd2 ({Don't blunder} 18. Ng5 $2 Be5 19. Nxf7 (19. Bxe5 $2 Nxe5 20. Qe2 Qxg5 $19) 19... Kxf7 $19) 18... a6 19. Bxd7 Rxd7 20. Qc2 Bxh2+ 21. Kxh2 Qd6+ 22. Kg1 Qxd2 23. Ba3 c4 24. Qxc4 (24. bxc4 $5 Qxc2 25. Rxc2 $11) 24... Qxa2 25. Ra1 Qd2 26. Rad1 Qxd1 27. Rxd1 Rxd1+ 28. Kh2 Rd5 29. Qc7 Rb5 30. Qd7 Ra8 31. Bb2 Rxb3 32. Qd4 {[%emt 0:00:06][%csl Gb2][%cal Rd4h8] [#]} Rxb2 $1 33. Qxb2 $11 {[%emt 0:00:03][%mdl 4096] Endgame KQ-KRB} Bc6 34. Qb6 Bb5 35. Kg3 Re8 36. Kf4 h6 37. f3 Bf1 38. Kg3 exf3 39. gxf3 Rc8 40. Kf4 Be2 41. Kg3 Bb5 42. Kf4 Rc4+ 43. Ke5 Rc6 44. Qd8+ Kg7 45. e4 Be2 46. f4 Re6+ 47. Kd4 $1 Bf3 48. e5 Bg4 49. Kc4 Bf5 50. Kb4 Rc6 51. Ka5 Bg4 52. Kb4 Be2 53. Kb3 h5 54. Kb2 Bg4 55. Kb3 (55. Ka3 $1 $11) 55... Be6+ $17 56. Kb2 Rc4 57. Qf6+ Kg8 58. Ka3 a5 59. Qd8+ Kh7 60. Qg5 (60. Qf6 $17) 60... Rc2 $19 61. Ka4 Ra2+ 62. Kb5 {[%emt 0:00:00] [#] Now White is beyond hope.} a4 $1 {[%emt 0:00:00] Strongly threatening ...a3.} 63. Qg1 Re2 {[%emt 0:00:00] Threatens to win with ...a3.} 64. Kxa4 $2 (64. Qg3 Bd7+ 65. Ka5) 64... Re4+ 65. Ka3 Rxf4 66. Kb2 Rf5 67. Qh2 Kh6 68. Kc3 g5 69. Kd4 h4 70. Ke4 Kh5 {[%emt 0:00:00] Hoping for ...g4.} 71. Qd2 h3 72. Qd1+ g4 {[%emt 0:00:56] ...h2 is the strong threat.} 73. Qd8 g3 {[%emt 0:00:44] Black mates.} 74. Qd1+ Kg6 75. Qd8 g2 76. Qh8 Rg5 77. Kf4 Rg4+ 78. Kf3 g1=Q 79. Qg8+ Kf5 80. Qh7+ Kxe5 81. Qe4+ Kf6 82. Qd4+ Qxd4 {[%emt 0:00:05] Weighted Error Value: White=0.08 (flawless) /Black=0.03 (flawless)} (82... Rxd4 $142 83. Ke2 Bg4#) 0-1

[Event "Krakow Championship-A 2022"]
[Site "Krakow"]
[Date "2022.06.26"]
[Round "3.13"]
[White "Kantorik, Marian"]
[Black "Holtel, Jasper"]
[Result "0-1"]
[ECO "A50"]
[WhiteElo "2211"]
[BlackElo "2347"]
[Annotator "TA"]
[PlyCount "58"]
[EventDate "2022.06.25"]
[EventType "swiss"]
[EventCountry "POL"]
[SourceTitle "playchess.com"]
[Source "ChessBase"]
[SourceQuality "1"]
[TimeControl "40/5400+30:1800+30"]

1. d4 Nf6 2. c4 g6 3. d5 b5 4. cxb5 a6 5. bxa6 Bxa6 6. Nc3 {[%emt 0:00:13] E60: King's Indian: Unusual lines and Fianchetto Variation without Nc3.} c6 {[%emt 0:06:41] [#]} 7. e4 $146 ({Predecessor:} 7. dxc6 Nxc6 8. g3 Bg7 9. Bg2 O-O 10. Nh3 Bb7 11. O-O Na5 12. e4 d6 13. Nf4 {½-½ (63) Dol,G-Van Son,J Netherlands 1989}) 7... Bxf1 8. Kxf1 {[%emt 0:00:04] White has an edge.} Bg7 9. g3 O-O 10. Kg2 cxd5 11. exd5 Qb6 12. Nf3 Qb7 13. Re1 e6 14. d6 (14. Bf4 $14) 14... Nc6 {[%emt 0:01:28][%mdl 1024] Black has compensation.} 15. Kg1 Ng4 16. Qe2 (16. a4 $1 $11 {keeps the balance.}) 16... Rfb8 $17 17. Ne4 f5 (17... Bxb2 $2 18. Rb1 Rxa2 19. h3 (19. Nc3 Bxc3 20. Rxb7 Rxe2 $16) 19... Nxf2 20. Nxf2 $16) (17... Qa7 $17) 18. Nc5 $15 Qa7 19. Nd3 Nd4 {[%emt 0:02:43] Black is more active.} ({Better is} 19... Nb4 $17 {Threatens to win with ...Nxd3.} 20. Nxb4 Rxb4) 20. Nxd4 $11 Bxd4 21. Be3 (21. h3 $11 Nf6 22. Be3) 21... Bxe3 22. fxe3 Rc8 23. b4 {[%emt 0:08:05] [#]} (23. a4 $11 {remains equal.}) 23... Qa3 $1 $17 24. h3 Nf6 25. Qb2 $2 {[%emt 0:01:00] White does not recover from this.} (25. Rac1 $17 {might work better.}) 25... Qxd3 $19 26. Qxf6 Qxd6 27. Qh4 (27. Qb2 Qxg3+ 28. Qg2) 27... Rc2 {[%emt 0:00:30] [#] ( -> ...Qd2). Black is clearly winning.} 28. Qf4 Qd2 29. Qf3 {[%emt 0:00:27] Inhibits Qg2+.} Raxa2 {[%emt 0:01:01] Weighted Error Value: White=0.79/Black=0.14 (very precise)} 0-1

[Event "Krakow Championship-A 2022"]
[Site "Krakow"]
[Date "2022.06.26"]
[Round "3.14"]
[White "Mikrut, Dariusz"]
[Black "Gahan M G"]
[Result "1/2-1/2"]
[ECO "D89"]
[WhiteElo "2361"]
[BlackElo "2248"]
[Annotator "TA"]
[PlyCount "64"]
[EventDate "2022.06.25"]
[EventType "swiss"]
[EventCountry "POL"]
[SourceTitle "playchess.com"]
[Source "ChessBase"]
[SourceQuality "1"]
[TimeControl "40/5400+30:1800+30"]

1. d4 Nf6 2. c4 g6 3. Nc3 d5 4. cxd5 Nxd5 5. e4 Nxc3 6. bxc3 Bg7 7. Bc4 c5 8. Ne2 Nc6 9. Be3 O-O 10. O-O Bg4 11. f3 Na5 12. Bd3 cxd4 13. cxd4 Be6 14. d5 Bxa1 15. Qxa1 f6 16. Bh6 Re8 17. Kh1 Bf7 {[%emt 0:09:20] D89: Exchange Grünfeld: Classical Line: 10 Be3 cxd4 11 cxd4 Bg4 12 f3 Na5 13 Bd3.} (17... Rc8 $1 $15) 18. Bb5 $11 {[%emt 0:05:24] This bishop pair is nice.} e5 19. Bxe8 $16 {[%emt 0:16:33] White is more active.} Bxe8 {[%emt 0:04:28][%mdl 8192] [#]} (19... Qxe8 $16 20. Qc3 Qd8) 20. Ng3 $146 ({White must play} 20. f4 $1 $18 ) ({Predecessor:} 20. f4 Bb5 21. fxe5 Bxe2 22. Rxf6 Nc4 23. e6 Qc7 24. d6 Nxd6 25. Rf7 Qxf7 26. exf7+ Kxf7 {1-0 (34) Real de Azua,E (2445)-Contin,D (2321) Buenos Aires 2009}) 20... Nc4 21. Qc1 Rc8 22. f4 Bb5 {[%emt 0:06:11] And now ...Nd6 would win.} 23. Re1 Nd6 24. Qa3 Nf7 25. Qb2 $2 (25. Nf5 $1 $14 {was the only good move.} Nxh6 26. Nxh6+ Kg7 27. Ng4) 25... Qa5 $19 ({Worse is} 25... Nxh6 26. Qxb5 exf4 27. Ne2 $15) 26. Rb1 Nxh6 27. fxe5 {[%emt 0:00:09] [#]} fxe5 28. h3 (28. Qxe5 Nf7) 28... Rc3 (28... Ba6 $142 29. Qxe5 Nf7) 29. Qd2 {[%emt 0:05:52] [#]} Ra3 ({Black should try} 29... Qa3 $1 $19 30. Rxb5 Rxg3 31. Rxb7 Qe3) 30. Qxh6 $11 {[%emt 0:00:28] The position is equal.} Rxg3 31. Qh4 $1 Rc3 {[%emt 0:07:14] Hoping for ...a6.} 32. Qe7 Qc7 {[%emt 0:17:33] Weighted Error Value: White=0.85/Black=0.67} 1/2-1/2

[Event "Krakow Championship-A 2022"]
[Site "Krakow"]
[Date "2022.06.26"]
[Round "3.15"]
[White "Lye, Lik Zang"]
[Black "Michalicka, Milan"]
[Result "1-0"]
[ECO "E73"]
[WhiteElo "2358"]
[BlackElo "2222"]
[Annotator "TA"]
[PlyCount "75"]
[EventDate "2022.06.25"]
[EventType "swiss"]
[EventCountry "POL"]
[SourceTitle "playchess.com"]
[Source "ChessBase"]
[SourceQuality "1"]
[TimeControl "40/5400+30:1800+30"]

1. d4 Nf6 2. c4 g6 3. Nc3 Bg7 4. e4 d6 5. Be2 O-O 6. Be3 c5 7. d5 e6 8. Nf3 {[%emt 0:00:48] E73: King's Indian: Averbakh Variation without 6...c5.} exd5 9. cxd5 Re8 10. Nd2 {[%emt 0:01:18] White is slightly better.} a6 (10... Na6 $11) 11. a4 $1 $16 Nbd7 12. O-O Rb8 13. Qc2 Qc7 14. a5 Ne5 15. h3 {[%emt 0:04:54] [#] Against Nfg4} h6 $146 ({Predecessor:} 15... b5 16. axb6 Rxb6 17. f4 Ned7 18. Nc4 Rb4 19. Bf2 Nb6 20. Nd2 c4 21. Bd4 Nxe4 22. Bxg7 Qc5+ {0-1 (24) Pitre,R-Zendrowski,J London,Canada 1991}) 16. f4 Ned7 17. e5 dxe5 18. f5 $1 g5 19. Nde4 b5 20. axb6 $1 Rxb6 21. Bc4 Bf8 (21... Nxe4 $14 22. Nxe4 Nf6) 22. Qd2 {[%emt 0:06:29] 0x0.00207c5b2845dp-1022s more active pieces.} ({White should play} 22. h4 $16) 22... Nxe4 $14 23. Nxe4 {[%emt 0:00:28][%cal Oe3g5] Hoping for Bxg5!} Nf6 24. Qd3 ({Don't play} 24. Nxf6+ Rxf6 25. Ra3 Qd8 $11) 24... Nxe4 25. Qxe4 {[%emt 0:00:16] aiming for f6.} Rf6 ({Black should try} 25... Qd8 $1 $14) 26. Ra3 Qd7 27. g4 Bb7 28. h4 Rd6 29. hxg5 {[%emt 0:01:46] Black must now prevent Rd3.} ({Don't blunder} 29. Bxc5 $2 Rxd5 30. Bxf8 Rd2 $19) 29... hxg5 $2 ({Better is} 29... Bxd5 $14 30. Bxd5 Rxd5) 30. f6 $1 $18 {[%emt 0:03:47] White wants to mate with Bd3.} Bxd5 31. Bxd5 Rxd5 {[%emt 0:00:13] [#]} 32. Rf5 $1 Bh6 33. Bf2 $2 ({White has to play} 33. Bxg5 $18 Rd4 34. Qg2) 33... Rd1+ 34. Kg2 {[%emt 0:00:27][%mdl 1024] Intending Rh3 and mate. White has compensation.} Qb5 $2 (34... Rd4 $14 35. Bxd4 exd4) 35. Rh3 Qf1+ 36. Kh2 {[%emt 0:00:19][%cal Of5g5] Threatening mate with Rxg5+!} Rd2 {[%emt 0:00:25] [#]} 37. Qe3 $1 Rd1 {[%emt 0:02:00] [#]} 38. Qxg5+ $3 {[%emt 0:00:39][%mdl 576] Back Rank.  Weighted Error Value: White=0.24 (precise) /Black=0.61} 1-0

[Event "Krakow Championship-A 2022"]
[Site "Krakow"]
[Date "2022.06.26"]
[Round "3.16"]
[White "Balaji Sekar"]
[Black "Goroshkov, Maksym"]
[Result "1-0"]
[ECO "C96"]
[WhiteElo "1189"]
[BlackElo "2226"]
[Annotator "RC"]
[PlyCount "149"]
[EventDate "2022.06.25"]
[EventType "swiss"]
[EventCountry "POL"]
[SourceTitle "playchess.com"]
[Source "ChessBase"]
[SourceQuality "1"]
[TimeControl "40/5400+30:1800+30"]

1. e4 e5 2. Nf3 Nc6 3. Bb5 a6 4. Ba4 Nf6 5. O-O Be7 6. Re1 b5 7. Bb3 O-O 8. h3 d6 9. c3 Na5 10. Bc2 c5 11. d4 Nc6 12. d5 Nb8 13. a4 Bb7 14. Na3 Nbd7 15. Be3 bxa4 16. Nc4 Nb6 17. Nxb6 Qxb6 18. Nd2 Qd8 19. Rxa4 Ne8 20. Nc4 Rb8 21. Qd3 Bc8 22. Ra2 f5 23. exf5 Bxf5 24. Qd1 Bd7 25. Na5 Qc7 26. Bd3 Qc8 27. Qe2 Nc7 28. Qh5 g6 29. Qd1 Rf7 30. Bc4 Kh8 31. Bxc5 Rf4 32. Be3 Rh4 33. Bf1 Nxd5 34. Bxa6 Nxe3 35. Bxc8 Nxd1 36. Bxd7 Rxb2 37. Rxb2 Nxb2 38. Nc6 Bf8 39. Bg4 Na4 40. Re3 Nc5 41. g3 Rh6 42. h4 g5 43. hxg5 Rg6 44. f4 Rg7 45. Kg2 h6 46. fxe5 Rxg5 47. Be2 dxe5 48. Nxe5 Kg7 49. Nf3 Rg4 50. Nd4 Re4 51. Rf3 Be7 52. Nf5+ Kh8 53. Bd3 Nxd3 54. Rxd3 Bf6 55. Nd6 Re2+ 56. Kf3 Rc2 57. Ne4 Bg7 58. Kg4 Kh7 59. Kf5 h5 60. Ng5+ Kg8 61. Rd8+ Bf8 62. Ne6 Rxc3 63. Rxf8+ Kh7 64. Rf7+ Kh6 65. Rf6+ Kh7 66. Ng5+ Kg7 67. Rg6+ Kh8 68. Ne4 Rf3+ 69. Kg5 Re3 70. Kf4 Ra3 71. Nf6 Ra8 72. Kg5 h4 73. Rh6+ Kg7 74. Rh7+ Kf8 75. Rh8+ 1-0

[Event "Krakow Championship-A 2022"]
[Site "Krakow"]
[Date "2022.06.26"]
[Round "3.17"]
[White "Torkkola, Henri"]
[Black "Lim, Zhuo Ren"]
[Result "1/2-1/2"]
[ECO "A45"]
[WhiteElo "2197"]
[BlackElo "2290"]
[Annotator "TA"]
[PlyCount "66"]
[EventDate "2022.06.25"]
[EventType "swiss"]
[EventCountry "POL"]
[SourceTitle "playchess.com"]
[Source "ChessBase"]
[SourceQuality "1"]
[TimeControl "40/5400+30:1800+30"]

1. d4 Nf6 2. Bf4 e6 3. e3 c5 4. Nf3 cxd4 5. exd4 b6 6. c3 {[%emt 0:00:53] A46: 1 d4 Nf6 2 Nf3 e6: Torre, London and Colle Systems.} Be7 $1 {[%emt 0:00:59][%mdl 4] is currently scoring better than 6...Bb7.} 7. Nbd2 O-O 8. a4 Ba6 9. Bxa6 Nxa6 10. Qe2 Nc7 11. h3 d6 12. O-O a6 {[%emt 0:00:37] [#]} 13. Rfe1 $146 ({Predecessor:} 13. Nc4 Nfd5 14. Bg3 Qd7 15. a5 b5 16. Ncd2 Rfc8 17. Ne1 Ne8 18. Nd3 Bd8 19. h4 {½-½ (27) Ajay,K (2315)-Vetokhin,S (2261) Arandjelovac 2021}) 13... h6 14. Ne4 Nxe4 {[%emt 0:03:05] The position is equal.} 15. Qxe4 Nd5 16. Bd2 b5 17. axb5 axb5 18. b3 Qc7 19. Qd3 Qb7 20. c4 {[%emt 0:03:28] [#] Rxa8 is the strong threat.} Nf6 21. Bc3 Rxa1 22. Rxa1 Rc8 23. Nd2 Nh5 24. g3 Nf6 (24... b4 $5 25. Bb2 Ra8 $11) 25. Ra5 bxc4 26. bxc4 Qc7 27. Rb5 Qd7 28. Qb1 Bf8 29. Kh2 h5 30. Rb7 Rc7 31. Rb8 Rc8 32. Rb7 Rc7 33. Rb8 Rc8 {[%emt 0:00:07] An interesting draw.  Weighted Error Value: White=0.06 (flawless) /Black=0.05 (flawless)} 1/2-1/2

[Event "Krakow Championship-A 2022"]
[Site "Krakow"]
[Date "2022.06.26"]
[Round "3.18"]
[White "Marszalek, Maciej"]
[Black "Turski, Bartlomiej"]
[Result "1-0"]
[ECO "A22"]
[WhiteElo "2290"]
[BlackElo "2192"]
[Annotator "TA"]
[PlyCount "49"]
[EventDate "2022.06.25"]
[EventType "swiss"]
[EventCountry "POL"]
[SourceTitle "playchess.com"]
[Source "ChessBase"]
[SourceQuality "1"]
[TimeControl "40/5400+30:1800+30"]

1. c4 e5 2. Nc3 Nf6 3. g3 d5 4. cxd5 Nxd5 5. Bg2 Nb6 6. e3 Be7 {[%emt 0:00:59] A22: English Opening: 1...e5 2 Nc3 Nf6.} 7. Nge2 Nc6 8. O-O O-O {[%emt 0:00:23] The position is equal.} 9. f4 exf4 (9... f6 {feels hotter.} 10. d4 Bg4 11. h3 Bh5) 10. Nxf4 Ne5 11. d4 Ng6 12. Nd3 c6 {[%emt 0:01:45] [#]} 13. Nc5 $146 ({Predecessor:} 13. b3 Be6 14. Bb2 Qc8 15. Nf4 Nxf4 16. gxf4 Bh3 17. e4 Rd8 18. f5 Bxg2 19. Kxg2 {0-1 (43) Cmilyte,V (2524)-Kosteniuk,A (2501) Beijing 2012}) 13... Qc7 14. b4 a5 15. b5 ({White should try} 15. bxa5 $11 Rxa5 16. N3e4) 15... Bxc5 $15 16. dxc5 cxb5 $2 {[%emt 0:00:41] [#]} (16... Nc4 $1 $15 {keeps the upper hand.}) 17. Qd4 $1 $36 {[%emt 0:05:28][%mdl 2048] White is really pushing. White is more active.} b4 $2 {[%emt 0:10:53][%mdl 8192] Black cannot hold the game after this.} (17... Nc4 $16 {was necessary.}) 18. Nb5 $18 Qd7 19. cxb6 ({Weaker is} 19. Nd6 Na4 $16) 19... Qxb5 (19... Qxd4 20. Nxd4 Ra6) 20. Bb2 f6 21. Bd5+ Kh8 {[%emt 0:01:00] [#]} (21... Rf7 $18 22. Bxf7+ Kxf7) 22. Rxf6 $3 {[%emt 0:02:34][%mdl 512] White mates.} Rxf6 {[%emt 0:04:25] [#]} (22... Qe8 23. Rxf8+) 23. Qxf6 $1 Qd7 {[%emt 0:00:11] [#]} 24. Bf7 $1 {[%emt 0:00:40][%csl Gb2][%cal Rf6g7] This bishop pair is nice.} Ne5 {[%emt 0:01:37] [#]} 25. Bxe5 $1 {[%emt 0:00:36] Weighted Error Value: White=0.10 (very precise) /Black=0.69} 1-0

[Event "Krakow Championship-A 2022"]
[Site "Krakow"]
[Date "2022.06.26"]
[Round "3.19"]
[White "Shehzad, Shazil"]
[Black "Stevik, Patrik jun."]
[Result "0-1"]
[ECO "B06"]
[WhiteElo "2237"]
[BlackElo "2188"]
[Annotator "RC"]
[PlyCount "83"]
[EventDate "2022.06.25"]
[EventType "swiss"]
[EventCountry "POL"]
[SourceTitle "playchess.com"]
[Source "ChessBase"]
[SourceQuality "1"]
[TimeControl "40/5400+30:1800+30"]

1. e4 g6 2. d4 Bg7 3. Nc3 d6 4. Be3 a6 5. h4 h5 6. Nh3 b5 7. Ng5 Bb7 8. Bd3 Nd7 9. a4 c6 10. g4 hxg4 11. Qxg4 e5 12. d5 Ngf6 13. Qg2 cxd5 14. Nxd5 Nxd5 15. exd5 Nf6 16. h5 Bxd5 17. f3 Rxh5 18. Rxh5 Nxh5 19. O-O-O Nf6 20. Qh2 bxa4 21. Qh4 Qa5 22. Bd2 Qb6 23. Qxa4+ Qc6 24. Qh4 Rc8 25. Bc3 Nh5 26. Ne4 f5 27. Nd2 Bf6 28. Qh2 Nf4 29. Bf1 Qa4 30. Nb3 Bxb3 31. cxb3 Rxc3+ 32. Kb1 Qxb3 33. Rxd6 Rxf3 34. Bxa6 Rh3 35. Qg1 Be7 36. Rb6 Qe3 37. Rb8+ Kf7 38. Qf1 Qe4+ 39. Ka2 Qa4+ 40. Kb1 Qe4+ 41. Ka2 Rh1 42. Qc4+ 0-1

[Event "Krakow Championship-A 2022"]
[Site "Krakow"]
[Date "2022.06.26"]
[Round "3.20"]
[White "Easwaralingam, Adesh"]
[Black "Malicka, Maria"]
[Result "1/2-1/2"]
[ECO "B90"]
[WhiteElo "2116"]
[BlackElo "2377"]
[Annotator "TA"]
[PlyCount "105"]
[EventDate "2022.06.25"]
[EventType "swiss"]
[EventCountry "POL"]
[SourceTitle "playchess.com"]
[Source "ChessBase"]
[SourceQuality "1"]
[TimeControl "40/5400+30:1800+30"]

1. e4 c5 2. Nf3 d6 3. d4 cxd4 4. Nxd4 Nf6 5. Nc3 a6 6. Be3 e5 7. Nb3 Be6 8. f3 h5 9. Qd2 Nbd7 10. Nd5 {[%emt 0:00:55] B90: Sicilian Najdorf: Unusual White 6th moves, 6 Be3 Ng4 and 6 Be3 e5.} Bxd5 11. exd5 g6 12. O-O-O Nb6 13. Kb1 Nbxd5 14. Bg5 Be7 $1 15. g3 {[%emt 0:01:45] 15.g3 was played by the boomers.} (15. Bc4 {feels hotter.} Nb6 16. Na5 O-O 17. Bxf6 Bxf6 18. Qxd6 Nxc4 19. Nxc4 Rc8 20. Nb6) 15... Nb6 16. Bxf6 Bxf6 17. Qxd6 Qxd6 (17... Na4 {is more complex.} 18. Bc4 Qxd6 19. Rxd6 Be7) 18. Rxd6 Bd8 19. Rd1 {[%emt 0:06:27] [#]} Bc7 $146 ({Predecessor:} 19... f5 20. Nc5 Rb8 21. Bg2 Bc7 22. a4 Rh7 23. g4 hxg4 24. fxg4 Nc4 25. Rhe1 Rxh2 26. Bd5 Nd2+ 27. Kc1 Ke7 28. gxf5 gxf5 29. Bxb7 {½-½ (29) Norchenko,K (2379)-Volkov,E (2370) ICCF email 2020}) 20. Nc5 Rb8 {[%emt 0:03:42] [#]} (20... Ke7 $14 {was preferrable.}) 21. Be2 {[%emt 0:11:10] 0x0.0022fab31f7ddp-1022s more active pieces. The black rooks are badly placed.} (21. a4 $1 $16) 21... Ke7 22. c3 f5 23. Rhe1 Bd6 24. Bf1 Rhd8 25. Nb3 Bc7 26. Rxd8 Rxd8 27. Nc5 Rb8 28. Rd1 Bd6 29. Nb3 Nd7 30. Na5 Bc7 31. Nc4 b5 32. Ne3 {[%emt 0:00:06] [#] Nd5+ is the strong threat.} Nf6 33. c4 (33. a4 $5) 33... Ke6 34. Nd5 Nxd5 35. Rxd5 $11 {[%emt 0:00:05][%mdl 4096] Endgame KRB-KRB} Bb6 36. Rd2 Be3 37. Rg2 b4 38. Bd3 g5 39. Re2 Bc5 40. h3 Rd8 41. Kc2 Rd4 {[%emt 0:30:41] Prevents g4.} 42. Rh2 Bd6 ({Black should try} 42... a5 $17) 43. c5 Bxc5 44. Bxa6 e4 45. fxe4 Rxe4 46. Rd2 g4 47. Bc8+ Kf6 48. hxg4 fxg4 49. Rd5 Re5 50. Rd2 Be7 {[%emt 0:00:10] And now ...Rc5+ would win.} 51. Bd7 Re3 52. Be8 Re5 (52... Rxg3 $15 53. Bxh5 Kg5) 53. Rh2 {[%emt 0:00:00] Weighted Error Value: White=0.07 (flawless) /Black=0.06 (flawless)} 1/2-1/2

[Event "Krakow Championship-A 2022"]
[Site "Krakow"]
[Date "2022.06.26"]
[Round "3.21"]
[White "Kvaloy, Aksel Bu"]
[Black "Jacobsen, Mikkel Manosri"]
[Result "1/2-1/2"]
[ECO "B29"]
[WhiteElo "2296"]
[BlackElo "2251"]
[Annotator "TA"]
[PlyCount "83"]
[EventDate "2022.06.25"]
[EventType "swiss"]
[EventCountry "POL"]
[SourceTitle "playchess.com"]
[Source "ChessBase"]
[SourceQuality "1"]
[TimeControl "40/5400+30:1800+30"]

1. e4 c5 2. Nf3 Nf6 3. e5 Nd5 4. Nc3 e6 5. Ne4 f5 6. Nc3 Ne7 $1 {[%emt 0:00:11][%mdl 4] [#] is more profitable than 6...Nc6 at the moment. B29: Sicilian: 2 Nf3 Nf6 (Nimzowitsch Variation).} 7. d3 $146 (7. Nb5 $14 Nec6 8. c3) ({Predecessor:} 7. b3 Nbc6 8. Bb2 a6 9. d4 cxd4 10. Nxd4 Nxd4 11. Qxd4 Nc6 12. Qd2 Qa5 13. O-O-O Ba3 14. f4 {½-½ (81) Matlakov,M (2674)-Le,T (2514) Chess.com INT 2022}) 7... a6 (7... Nbc6 $15) 8. h4 (8. d4 $14) 8... Nbc6 $15 {[%emt 0:03:24] Black is slightly better.} 9. h5 {[%emt 0:08:49] Prevents Ng6.} Nd4 10. Bf4 (10. h6 $1 $11) 10... Nec6 11. Nd2 b5 12. Ne2 d6 13. Nxd4 cxd4 14. Nf3 {[%emt 0:01:56] [#]} ({White should try} 14. a4 $15) 14... dxe5 $1 $17 15. Nxe5 {[%emt 0:00:46] [#]} Bb4+ $1 16. Ke2 Bb7 17. h6 Qf6 18. Nxc6 Bxc6 19. a3 g5 20. axb4 gxf4 21. Kd2 f3 {[%emt 0:04:44] Prevents Be2.} (21... Rg8 $17) 22. gxf3 $11 Qg5+ 23. Ke1 Qf4 24. Be2 (24. Qd2 $5 Qd6 25. Rg1 $14) 24... Rg8 25. Qd2 Qe5 26. Kd1 Rg2 27. Qe1 Qf4 (27... Kf7 {seems wilder.} 28. c3 Bb7 29. Rc1 Rc8) 28. Qd2 Qd6 29. Qe1 Bd5 30. Rg1 Qh2 (30... Rxg1 $11 31. Qxg1 O-O-O) 31. Rxg2 $14 Qxg2 32. b3 (32. c4 $1 $14 Bb7 33. Kd2) 32... Qg5 33. Qh1 ({Better is} 33. c4 $11 dxc3 34. Qxc3) 33... Ke7 (33... Qf4 $15) 34. Qh2 $11 {[%emt 0:00:30] Black must now prevent Qc7+.} Rg8 {[%emt 0:00:58] Strongly threatening ...Qg1+.} 35. Rxa6 Kf6 36. Ra7 Rg6 (36... Qg1+ $11 {keeps the balance.} 37. Qxg1 Rxg1+ 38. Kd2 Rg2) 37. Qc7 (37. Rxh7 $16 {Qd6 is the strong threat.} Qg1+ 38. Qxg1 Rxg1+ 39. Kd2) 37... Qg1+ {[%emt 0:00:25] The position is equal.} 38. Kd2 {[%emt 0:00:04] f4 would kill now.} Qxf2 39. Qd8+ Ke5 40. Qc7+ Kf6 41. Qd8+ Ke5 {[%emt 0:00:00] ( -> ...Qe3+)} 42. Qc7+ {[%emt 0:06:39] Weighted Error Value: White=0.27 (precise) /Black=0.21 (precise)} 1/2-1/2

[Event "Krakow Championship-A 2022"]
[Site "Krakow"]
[Date "2022.06.27"]
[Round "4.1"]
[White "Warakomski, Tomasz"]
[Black "Agdestein, Simen"]
[Result "1/2-1/2"]
[ECO "B40"]
[WhiteElo "2534"]
[BlackElo "2559"]
[Annotator "TA"]
[PlyCount "51"]
[EventDate "2022.06.25"]
[EventType "swiss"]
[EventCountry "POL"]
[SourceTitle "playchess.com"]
[Source "ChessBase"]
[SourceQuality "1"]
[TimeControl "40/5400+30:1800+30"]

1. e4 c5 2. Nf3 e6 3. d4 cxd4 4. Nxd4 Nf6 5. Nc3 Nc6 6. Nxc6 bxc6 7. e5 Nd5 8. Ne4 Bb7 9. Be2 $1 {[%emt 0:02:34] 9.Be2 is better than 9.c4. B45: Sicilian Four Knights.} c5 10. O-O Qc7 11. Nd6+ Bxd6 12. exd6 Qc6 (12... Qxd6 $2 13. c4 $18) 13. f3 Qb6 (13... Qxd6 $2 14. c4 $18) 14. c4 Nb4 15. Be3 {[%emt 0:01:03] Black must now prevent a3.} a5 $1 16. Qa4 {[%emt 0:06:15] [#]} Bc6 $146 ({Predecessor:} 16... Qxd6 17. Qb5 Ba6 18. Qxc5 Qxc5 19. Bxc5 Rc8 20. Bb6 a4 21. Rfc1 Ke7 22. Kf2 f6 {½-½ (38) Lubienski,A (2266)-Krawczyk,W (2255) ICCF email 2021}) 17. Qb3 {[%emt 0:00:30] Strongly threatening a3.} a4 18. Qc3 {[%emt 0:00:08] [#] Hoping for a3.} O-O 19. a3 Na6 20. Rf2 {[%emt 0:06:49] White is more active.} (20. Bd3 $16) 20... Bb7 $11 21. Rd1 Nb8 22. Qe5 Ra5 23. Bd2 Ra6 24. Be3 (24. Bc3 $14 f6 25. Qf4) 24... Ra5 25. Bd2 ({Better is} 25. Qc3 $11) 25... Ra6 $14 26. Be3 {Weighted Error Value: White=0.12 (very precise) /Black=0.05 (flawless)} (26. Bc3 $14 f6 27. Qf4) 1/2-1/2